cohdb
Replays
Latest Replays
All Replays
Popular Replays
Top Player Replays
Match Explorer
How It Works
Community
CoH3 Stats
Reddit
Sign in to upload your games and track your stats! →
Sign in with Steam
Match 28210429
Unlisted
Match 28210429
Overview
Messages
Build Orders
End
Panzergrenadier Squad
Selects Battlefield Espionage Battlegroup
250 Light Carrier
Panzergrenadier Squad
Construct Light Support Kompanie
Selects Intel Disruption Beacon
Panzerjäger Squad
Fire Support Elements
Panzergrenadier Squad
Panzerjäger Mechanized Group
2.5-tonne Medical Truck
Panzerjäger Squad
Flakvierling Half-track
Panzerpioneer Squad
Selects Plunder
Veteran Squad Leaders
Vehicle Survival Package
Selects Disruption Operation
寂無靜
Wrathment
0
0
Comments
sign in to comment!
No comments posted yet!